 Dungeon Crawl Stone Soup version 0.24.1-8-ga250c9d538 (webtiles) character file.

Game seed: 543080078709245047, levelgen mode: deterministic

55911 Curus the Warrior (level 14, -16/223 HPs)
             Began as a Minotaur Berserker on Apr 26, 2020.
             Was a High Priest of Trog.
             Demolished by an orc warrior
             ... wielding a +0 hand axe
             ... led by an orc knight
              (20 damage)
             ... on level 1 of the Orcish Mines on Apr 27, 2020.
             The game lasted 01:44:40 (20961 turns).

Curus the Warrior (Minotaur Berserker)             Turns: 20961, Time: 01:44:41

Health: -16/223    AC: 23    Str: 28    XL:     14   Next: 40%
Magic:  6/6        EV:  9    Int:  6    God:    Trog [*****.]
Gold:   1986       SH:  0    Dex: 10    Spells: 13/13 levels left

rFire    . . .     SeeInvis .   P - +3 lajatang (antimagic)
rCold    + . .     Gourm    +   (shield currently unavailable)
rNeg     . . .     Faith    .   t - +4 plate armour
rPois    .         Spirit   .   T - +2 hat
rElec    .         Reflect  .   R - scarf {cloud immunity}
rCorr    .         Harm     .   (no gloves)
MR       ++...                  (no boots)
Stlth    ..........             y - amulet of the gourmand
HPRegen  0.47/turn              p - ring of protection from cold
MPRegen  0.10/turn              J - ring of protection from magic

@: berserking, lightly drained, very quick
A: retaliatory headbutt, horns 2, dopey 1, robust 1, MP-powered wands
a: Berserk, Trog's Hand, Brothers in Arms, Renounce Religion


You were on level 1 of the Orcish Mines.
You worshipped Trog.
Trog was extremely pleased with you.
You were not hungry.

You visited 3 branches of the dungeon, and saw 19 of its levels.
You also visited: Ossuary.

You collected 2431 gold pieces.
You spent 445 gold pieces at shops.

Inventory:

Hand Weapons
 a - a +0 mace
 l - a +1 flail
 m - a +3 quarterstaff of protection
 P - a +3 antimagic lajatang (weapon)
 U - a +1 quarterstaff of speed
Armour
 b - a +0 animal skin
 d - a +0 leather armour
 e - a +0 scale mail
 n - a +0 chain mail
 o - a +0 buckler
 t - a +4 plate armour (worn)
 R - a scarf of cloud immunity (worn)
 T - a +2 hat (worn)
Jewellery
 p - a ring of protection from cold (left hand)
 v - an uncursed ring of fire
 y - an amulet of the gourmand (around neck)
 B - an uncursed ring of wizardry
 J - a ring of protection from magic (right hand)
 L - an uncursed ring of positive energy
 O - an uncursed ring of magical power
 Q - an uncursed amulet of guardian spirit
 V - an uncursed amulet of rage
 X - a cursed amulet of faith
Wands
 h - a wand of digging (9)
 r - a wand of flame (28)
 w - a wand of acid (34)
 x - a wand of clouds (2)
 F - a wand of enslavement (5)
 G - a wand of paralysis (24)
 I - a wand of polymorph (14)
 M - a wand of random effects (34)
Scrolls
 f - 21 scrolls of identify
 g - 8 scrolls of remove curse
 i - 9 scrolls of teleportation
 k - 5 scrolls of amnesia
 u - 5 scrolls of fog
 z - 5 scrolls of magic mapping
 H - a scroll of fear
 S - a scroll of blinking
Potions
 j - 16 potions of curing
 q - 3 potions of magic
 s - a potion of resistance
 A - 3 potions of brilliance
 C - 2 potions of invisibility
 D - 2 potions of flight
 E - 3 potions of might
 K - a potion of berserk rage
 N - a potion of cancellation
 W - a potion of haste
Comestibles
 c - 23 rations


   Skills:
 + Level 15.7(15.6) Fighting
 - Level 6.9(11.4) Maces & Flails
 - Level 14.2(14.5) Staves
 + Level 15.6(15.4) Armour
 - Level 2.1(2.0) Dodging
 - Level 10.0(9.8) Evocations


You had 13 spell levels left.
You didn't know any spells.
Your spell library was empty.

Dungeon Overview and Level Annotations

Branches:
Dungeon (11/15)            Temple (0/1) D:7            Lair (6/6) D:11
 Shoals (0/4) Lair:3        Snake (0/4) Lair:2        Slime (0/5) Lair:6
    Orc (2/2) D:11        Ossuary (visited)
    Elf: Orc:2

Altars:
Dithmenos
Elyvilon
Gozag
Hepliaklqana
Kikubaaqudgha
Okawaru
Sif Muna
Trog
Xom
Zin
The Shining One
Beogh

Shops:
D:6 !*[   Orc:1 *


Innate Abilities, Weirdness & Mutations

You reflexively headbutt those who attack you in melee.
You have a pair of horns on your head.
You are dopey. (Int -2)
You are robust. (+10% HP)
You expend magic power (3 MP) to strengthen your wands.


Message History

The orc knight is heavily wounded.
The orc warrior hits you but does no damage.
The orc misses you.
You slash the orc knight! You headbutt the orc knight.
The orc knight is almost dead.
The ogre hits you with a +0 giant club.
* * * LOW HITPOINT WARNING * * *
The orc knight barely misses you.
The orc warrior hits you with a +0 hand axe!!
* * * LOW HITPOINT WARNING * * *
The orc hits you but does no damage.
You slash the orc knight!
The orc knight is almost dead.
The orc warrior completely misses you. You furiously retaliate!
You headbutt the orc warrior. The orc hits you but does no damage.
You closely miss the orc knight.
The orc knight is almost dead.
The orc knight hits you but does no damage.
The orc warrior hits you with a +0 hand axe!!
You die...

### #.## ## ##^.## #.
###oo..## ###. ##.O@o...#
#... ##..oo....##
######...
##..........###.##.#...
##......##....#...#.....
#......###.....#.##..###
##.......##.....#.#....#.
#..............#...#.....
##.###...<....#...###.#..
### #...)..##.......##..


You could see an orc knight, 2 orc warriors, an ogre and 2 orcs.

Vanquished Creatures
  Rupert (Lair:3)
  The ghost of Qoesoec the Basher, a journeyman GrFi of Okawaru (Lair:2)
  6 hydras
  A catoblepas (Lair:6)
  Erica (D:8)
  6 death yaks
  3 two-headed ogres
  Urug (Orc:1)
  An orc high priest (Orc:1)
  A lindwurm (Lair:6)
  A wolf spider (Lair:6)
  2 orc sorcerers (Orc:1)
  An ugly thing (D:11)
  2 manticores (Lair:6)
  A cyclops (Orc:1)
  3 oklob plants (Lair:3)
  7 elephants
  2 merfolk sirens (Lair:3)
  3 black mambas
  3 torpor snails
  9 spiny frogs
  A centaur skeleton (D:10)
  A gargoyle (D:10)
  3 komodo dragons
  7 rime drakes
  2 trolls
  2 merfolk (Lair:3)
  A hornet (D:11)
  20 blink frogs
  12 dream sheep
  10 hippogriffs
  5 wyverns
  41 yaks
  3 basilisks
  A soldier ant (D:5)
  An acid dragon (D:11)
  8 porcupines
  10 water moccasins
  3 sky beasts
  5 ice beasts
  A black bear (D:10)
  3 orc warriors
  7 ogres
  2 phantoms
  11 wolves
  6 centaurs
  The ghost of raetorn the Conjurer, an amateur DgCj (D:4)
  4 big kobolds
  8 crocodiles
  13 bullfrogs
  A wyvern zombie (D:8)
  A wyvern skeleton (D:7)
  3 scorpions
  24 killer bees
  5 wights (D:11)
  A howler monkey (D:9)
  2 centaur zombies
  3 crimson imps
  A quasit (D:11)
  2 jellies
  3 orc priests
  4 hounds
  11 orc wizards
  A bullfrog skeleton (D:10)
  4 iguanas
  13 worker ants
  A big kobold zombie (Ossuary)
  2 hound skeletons
  8 mummies (Ossuary)
  3 gnolls (D:8)
  A howler monkey skeleton (D:6)
  16 adders
  A shadow imp (D:8)
  2 oozes
  2 adder skeletons
  2 worms
  3 dart slugs
  5 leopard geckos
  32 orcs
  5 bats
  7 giant cockroaches
  A gnoll zombie (Ossuary)
  9 goblins
  7 hobgoblins
  3 jackals (D:2)
  4 quokkas
  9 frilled lizards
  A hobgoblin zombie (Ossuary)
  41 kobolds
  3 kobold zombies (Ossuary)
  A leopard gecko skeleton (D:8)
  2 orc zombies (Ossuary)
  4 rats
  A fungus (Lair:5)
503 creatures vanquished.

Vanquished Creatures (others)
  A wizard (D:7)
  17 fungi
  8 plants
26 creatures vanquished.

Grand Total: 529 creatures vanquished

Notes
Turn   | Place    | Note
-------+----------+-------------------------------------------
     0 | D:1      | Curus the Minotaur Berserker began the quest for the Orb.
     0 | D:1      | Reached XP level 1. HP: 19/19 MP: 0/0
    82 | D:1      | Reached XP level 2. HP: 12/26 MP: 1/1
  1110 | D:2      | Reached skill level 5 in Maces & Flails
  1116 | D:2      | Reached ** piety under Trog
  1119 | D:2      | Reached XP level 3. HP: 26/31 MP: 2/2
  1169 | D:2      | Found an opulent altar of Gozag.
  1206 | D:2      | Reached XP level 4. HP: 39/39 MP: 3/3
  1375 | D:2      | Found a hazy altar of Hepliaklqana.
  1430 | D:2      | Gained mutation: You are dopey. (Int -2) [potion of
                  | mutation]
  1430 | D:2      | Gained mutation: You expend magic power (3 MP) to
                  | strengthen your wands. [potion of mutation]
  1430 | D:2      | Gained mutation: You are robust. (+10% HP) [potion of
                  | mutation]
  1438 | D:2      | Found an ancient bone altar of Kikubaaqudgha.
  1728 | D:3      | Reached XP level 5. HP: 46/49 MP: 4/4
  1922 | D:3      | Reached skill level 1 in Staves
  2203 | D:3      | Reached *** piety under Trog
  2399 | D:4      | Found a bloodstained altar of Trog.
  2428 | D:4      | Noticed a phantom
  2668 | D:4      | Found a shimmering blue altar of Sif Muna.
  2669 | D:4      | Found a shadowy altar of Dithmenos.
  2709 | D:4      | Reached XP level 6. HP: 56/56 MP: 5/5
  2730 | D:4      | Found a runed translucent gate.
  2730 | D:4      | Found a runed translucent gate.
  2730 | D:4      | Found a runed translucent gate.
  2732 | D:4      | Noticed raetorn's ghost (amateur DgCj)
  2732 | D:4      | Identified the +4 whip of Autumn {venom, rElec rPois}
  2768 | D:4      | Reached skill level 5 in Staves
  2960 | D:4      | Found a glowing golden altar of the Shining One.
  3002 | D:4      | Reached XP level 7. HP: 62/62 MP: 6/6
  3145 | D:4      | Killed raetorn's ghost
  3160 | D:5      | Entered Level 5 of the Dungeon
  3160 | D:5      | HP: 3/62 [poisoned by a big kobold]
  3284 | D:5      | Found a white marble altar of Elyvilon.
  3334 | D:5      | Reached **** piety under Trog
  3540 | D:5      | Found a shimmering blue altar of Sif Muna.
  3641 | D:5      | Found a runed translucent door.
  3642 | D:5      | Found a runed translucent door.
  3809 | D:5      | Reached XP level 8. HP: 64/70 MP: 7/7
  3832 | D:5      | Reached skill level 10 in Staves
  4152 | D:6      | Found Totzosy's Armour Emporium.
  4335 | D:6      | Found Atunasas's Assorted Antiques.
  4341 | D:6      | Bought a dented blue amulet for 100 gold pieces
  4341 | D:6      | Bought a blue potion for 18 gold pieces
  4341 | D:6      | Bought a potion of curing for 60 gold pieces
  4341 | D:6      | Bought a potion of curing for 60 gold pieces
  4341 | D:6      | Bought a scroll of fog for 40 gold pieces
  4399 | D:6      | Found Qaedab's Distillery.
  4404 | D:6      | Found an opulent altar of Gozag.
  4413 | D:6      | Bought a potion of curing for 39 gold pieces
  4989 | D:7      | Found a glowing silver altar of Zin.
  5053 | D:7      | Found a staircase to the Ecumenical Temple.
  5224 | D:7      | Found a sand-covered staircase.
  5230 | Ossuary  | Entered an ossuary
  5290 | Ossuary  | Reached XP level 9. HP: 49/77 MP: 8/8
  5723 | D:7      | Found a bloodstained altar of Trog.
  5726 | D:7      | Noticed a wizard
  5731 | D:7      | Killed a wizard
  6149 | D:8      | Noticed Erica
  6265 | D:8      | Killed Erica
  6265 | D:8      | Reached ***** piety under Trog
  6661 | D:7      | Upgraded the game from 0.24.1-5-g77f818bfca to
                  | 0.24.1-8-ga250c9d538
  6960 | D:9      | Reached skill level 5 in Fighting
  7077 | D:9      | Reached XP level 10. HP: 89/89 MP: 9/9
  7176 | D:9      | Reached skill level 5 in Armour
  7236 | D:9      | Received a gift from Trog
  7436 | D:9      | Noticed a two-headed ogre
  7451 | D:9      | Killed a two-headed ogre
  7706 | D:9      | Found a glowing silver altar of Zin.
  7708 | D:9      | Found a shimmering altar of Xom.
  7708 | D:9      | Found a shimmering blue altar of Sif Muna.
  7710 | D:9      | Found a shimmering altar of Xom.
  7710 | D:9      | Found a shimmering altar of Xom.
  7710 | D:9      | Found a hazy altar of Hepliaklqana.
  7741 | D:9      | Found an iron altar of Okawaru.
  7931 | D:10     | Entered Level 10 of the Dungeon
  7940 | D:10     | Noticed a two-headed ogre
  7954 | D:10     | Killed a two-headed ogre
  8358 | D:10     | Noticed a gargoyle
  8369 | D:10     | Killed a gargoyle
  8937 | D:10     | Reached XP level 11. HP: 106/106 MP: 10/10
  8953 | D:11     | Noticed a cyan ugly thing
  8966 | D:11     | Noticed a two-headed ogre
  8974 | D:11     | Killed a cyan ugly thing
  8998 | D:11     | Killed a two-headed ogre
  8998 | D:11     | Reached skill level 10 in Fighting
  9112 | D:11     | Found a staircase to the Lair.
  9122 | D:11     | Reached skill level 10 in Armour
  9364 | Lair:1   | Entered Level 1 of the Lair of Beasts
  9373 | Lair:1   | Reached skill level 1 in Evocations
  9842 | Lair:1   | Reached skill level 5 in Evocations
 10380 | Lair:2   | Found a staircase to the Snake Pit.
 10437 | Lair:2   | Found a transporter.
 10591 | Lair:2   | Found a transporter.
 10591 | Lair:2   | Noticed Qoesoec's ghost (journeyman GrFi)
 11073 | Lair:3   | Noticed an oklob plant
 11078 | Lair:3   | Noticed Rupert
 11090 | Lair:3   | Killed Rupert
 11090 | Lair:3   | Reached XP level 12. HP: 117/117 MP: 16/16
 11643 | Lair:3   | Found a staircase to the Shoals.
 11682 | Lair:3   | Reached skill level 10 in Evocations
 12097 | Lair:3   | Received a gift from Trog
 13917 | Lair:4   | Noticed an eight-headed hydra
 13928 | Lair:4   | Killed an eight-headed hydra
 14477 | Lair:5   | Reached XP level 13. HP: 57/129 MP: 9/19
 15121 | Lair:5   | Found a runed translucent door.
 15591 | Lair:6   | Entered Level 6 of the Lair of Beasts
 15613 | Lair:5   | HP: 3/130 [death yak (9)]
 16357 | Lair:5   | Found the +10 Black Knight's horse barding {ponderous,
                  | rPois rN+}
 16422 | Lair:6   | Received a gift from Trog
 18486 | Lair:6   | Received a gift from Trog
 18525 | Lair:6   | Reached XP level 14. HP: 79/146 MP: 6/20
 18840 | Lair:6   | Reached skill level 15 in Fighting
 18927 | Lair:6   | Reached skill level 15 in Armour
 19050 | Lair:6   | Found a staircase to the Slime Pits.
 19780 | Lair:2   | Killed Qoesoec's ghost
 20162 | D:11     | Found a staircase to the Orcish Mines.
 20173 | Orc:1    | Entered Level 1 of the Orcish Mines
 20230 | Orc:1    | Noticed Urug
 20242 | Orc:1    | Killed Urug
 20404 | Orc:1    | Found Apythr Ehoen's Assorted Antiques.
 20415 | Orc:1    | Bought a scroll of teleportation for 48 gold pieces
 20415 | Orc:1    | Bought a lumpy diamond amulet for 80 gold pieces
 20549 | Orc:1    | Found a roughly hewn altar of Beogh.
 20701 | Orc:2    | Entered Level 2 of the Orcish Mines
 20959 | Orc:1    | HP: 4/223 [orc warrior/+0 hand axe[an orc knight] (18)]
 20961 | Orc:1    | Demolished by an orc warrior

Levels and vault maps discovered:
D:1:      dpeg_arrival_fog, layout_loops_corners, grunt_decor_arrowhead,
          minmay_pentomino_t2
D:2:      layout_rooms, kiku_gazebo_pond_becter, nicolae_overflow_hidden_temple,
          lemuel_round_altar
D:3:      layout_basic
D:4:      layout_rooms, nicolae_tso_swordbearing_angel,
          chequers_temple_overflow_statue_of_worship, first_ration,
          gammafunk_ghost_nasty_kobolds, eino_tiny_chamber, trog_hazing_becter
D:5:      lemuel_insect_pit, layout_rooms, lemuel_doored_altar, basic_altar
D:6:      layout_cave_pods, serial_shops, shop, shop, shop, basic_altar,
          chequers_garden
D:7:      layout_loops_corners, temple_green, nicolae_ossuary_entry_ruins,
          basic_altar, hangedman_abyss_or_decor_lesser_grid, grunt_ogre_cave,
          st_stairs_1, trog_wizard
D:8:      layout_cave_pools, hangedman_decor_growths, uniq_erica
D:9:      layout_irregular_city, kennysheep_mini, doesnt_xom_only_xom
D:10:     layout_irregular_city
D:11:     layout_basic, lair_entry_dummy, orc_0_dummy, enter_trove_2
Lair:1:   layout_chaotic_city, grunt_megastairs_1, lemuel_fruit_tree,
          infiniplex_staircase_pool_2
Lair:2:   layout_long_grid, dummy_snake_entry, gammafunk_ghost_arena,
          grunt_megastairs_5
Lair:3:   layout_cave_pods, elwin_shoals_entry_stream, serial_bayou_crossing,
          minmay_lair_oklob_chamber, uniq_rupert
Lair:4:   layout_regular_city
Lair:5:   layout_roguey, pf_torpor_hydra, grunt_megastairs_4
Lair:6:   hangedman_lair_in_review, layout_hall_layers, dpeg_slime_entry_corner,
          minmay_lair_drake_nest
Orc:1:    layout_diamond_mine, serial_shops, nicolae_shop_overgrown_old_shop,
          kennysheep_orc_chapel, uniq_urug
Orc:2:    st_orc_ogre_mass, layout_caves, serial_shops,
          nicolae_shop_temple_entry_statues_fountains, elves_outpost_lemuel

Skill      XL: |  1  2  3  4  5  6  7  8  9 10 11 12 13 14 |
---------------+-------------------------------------------+-----
Maces & Flails | 4 5 6 |  6.9
Staves         | 3 6 9 12 14 | 14.2
Fighting       | 5 9 10 12 14 15 | 15.7
Armour         | 4 9 10 12 14 15 | 15.6
Evocations     | 7 10 | 10.0
Dodging        | |  2.1

Action                   |  1- 3 |  4- 6 |  7- 9 | 10-12 | 13-15 || total
-------------------------+-------+-------+-------+-------+-------++-------
Melee: Mace              |    66 |    35 |       |       |       ||   101
       Headbutt          |     7 |    20 |    61 |   158 |   138 ||   384
       Quarterstaff      |       |   112 |   353 |   636 |    82 ||  1183
       Lajatang          |       |       |       |   120 |   533 ||   653
Invok: Trog's Hand       |       |       |     2 |     1 |     1 ||     4
       Berserk           |       |       |     3 |     7 |     9 ||    19
Evoke: Wand              |       |       |       |     7 |     1 ||     8
  Use: Potion            |     2 |     8 |     4 |     1 |     3 ||    18
       Scroll            |     1 |     8 |     3 |     4 |    10 ||    26
  Eat: Chunk             |     1 |     6 |    15 |    23 |    19 ||    64
       Ration            |       |       |     1 |     2 |     3 ||     6
Armor: Animal skin       |     3 |       |       |       |       ||     3
       Scale mail        |    19 |    15 |       |       |       ||    34
       Leather armour    |     1 |       |       |       |       ||     1
       Chain mail        |       |    51 |    31 |       |       ||    82
       Plate armour      |       |       |   161 |   409 |   384 ||   954
Dodge: Dodged            |    40 |    85 |   122 |   236 |   232 ||   715
